 Dungeon Crawl Stone Soup version 0.18.1-48-g4cf74bf (webtiles) character file.

24691 theElss the Arsonist (level 12, -14/81 HPs)
             Began as a High Elf Conjurer on July 30, 2016.
             Was an Elder of Vehumet.
             Demolished by Rupert
             ... wielding a +2 battleaxe of chopping
              (32 damage)
             ... on level 2 of the Lair of Beasts.
             The game lasted 01:17:11 (18715 turns).

theElss the Arsonist (High Elf Conjurer)           Turns: 18715, Time: 01:17:12

Health: -14/81     AC: 13    Str: 12    XL:     12   Next: 82%
Magic:  6/27       EV: 17    Int: 21    God:    Vehumet [****..]
Gold:   493        SH:  0    Dex: 20    Spells: 7 memorised, 13 levels left

rFire  + . .     SeeInvis .     E - staff of wizardry
rCold  + . .     Gourm    .     O - +2 robe {rF+}
rNeg   . . .     Faith    .     (no shield)
rPois  .         Spirit   .     j - +2 helmet of Integrity {Str+3 Dex+2}
rElec  .         Dismiss  .     l - +0 cloak
rCorr  .         Reflect  .     t - +1 pair of gloves
SustAt .         Harm     .     (no boots)
MR     +....                    G - amulet of Vitality {Regen+ HP+15}
Stlth  +++.......               a - ring of protection from cold
                                Y - +3 ring of protection

@: somewhat resistant to hostile enchantments, fairly stealthy
A: no striking features
a: Renounce Religion


You were on level 2 of the Lair of Beasts.
You worshipped Vehumet.
Vehumet was greatly pleased with you.
You were very hungry.

You visited 2 branches of the dungeon, and saw 13 of its levels.
You also visited: Ossuary.

You collected 563 gold pieces.
You spent 70 gold pieces at shops.

Inventory:

Hand Weapons
 u - a +3 club
Armour
 j - the +2 helmet of Integrity (worn) {Str+3 Dex+2}
   (You found it on level 2 of the Lair of Beasts)

   It affects your strength (+3).
   It affects your dexterity (+2).
 l - a +0 cloak (worn)
 n - a +2 hat
 t - a +1 pair of gloves (worn)
 O - a +2 robe of fire resistance (worn)
Magical Staves
 D - an uncursed staff of power
 E - an uncursed staff of wizardry (weapon)
Jewellery
 a - a ring of protection from cold (right hand)
 G - the amulet of Vitality (around neck) {Regen+ HP+15}
   (You found it on level 7 of the Dungeon)

   [amulet of regeneration]

   It affects your health (+15).
   It increases your rate of regeneration.
 J - an uncursed amulet of harm
 Y - a +3 ring of protection (left hand)
Wands
 b - a wand of digging (10/24)
 r - a wand of teleportation (6/9)
 B - a wand of iceblast (2/15)
 T - a wand of polymorph (16/24)
 U - a wand of flame (24/48)
 W - a wand of paralysis (11/24)
 Z - a wand of iceblast (10/15)
Scrolls
 e - 4 scrolls of magic mapping {unknown}
 h - a scroll of silence {unknown}
 k - 3 scrolls of recharging {unknown}
 p - 3 scrolls of immolation {unknown}
 q - 4 scrolls of remove curse
 v - 2 scrolls of enchant armour
 w - a scroll of enchant weapon {unknown}
 y - 4 scrolls of fog {unknown}
 C - 2 scrolls of amnesia {unknown}
 F - 3 scrolls of fear {unknown}
 I - 4 scrolls of teleportation {unknown}
 N - 3 scrolls of blinking {unknown}
 P - a scroll of acquirement {unknown}
 Q - a scroll of summoning {unknown}
 R - a scroll of random uselessness {unknown}
 V - a scroll of vulnerability {unknown}
Potions
 d - 4 potions of might
 g - a potion of agility
 i - 3 potions of cure mutation
 m - 2 potions of brilliance
 o - 2 potions of magic
 s - 6 potions of heal wounds
 x - 4 potions of ambrosia
 H - 2 potions of flight
 K - 2 potions of haste
 L - a potion of invisibility {unknown}
 M - 2 potions of resistance
 S - 2 potions of curing {unknown}
 X - 2 potions of lignification {unknown}
Miscellaneous
 A - a stone of tremors
Comestibles
 c - 8 bread rations
 f - a slice of pizza
 z - 4 meat rations


   Skills:
 - Level 0.4(0.5) Maces & Flails
 + Level 0.4(0.6) Staves
 - Level 6.3 Dodging
 - Level 2.1 Stealth
 - Level 10.7 Spellcasting
 - Level 11.1 Conjurations
 - Level 0.2 Charms
 * Level 13.8 Fire Magic
 - Level 8.2 Evocations


You had 13 spell levels left.
You knew the following spells:

 Your Spells              Type           Power        Failure   Level  Hunger
a - Magic Dart            Conj           ####         1%          1    None
b - Iskenderun's Battles  Conj/Chrm      #####...     2%          5    ####...
c - Searing Ray           Conj           ######       1%          2    None
d - Iskenderun's Mystic   Conj           ######..     1%          4    ##.....
e - Flame Tongue          Conj/Fire      #####        1%          1    None
f - Stone Arrow           Conj/Erth      ####..       1%          3    None
g - Ignite Poison         Fire/Trmt/Pois ####....     1%          3    None


Dungeon Overview and Level Annotations

Branches:
Dungeon (10/15)            Temple (0/1) D:6            Lair (3/8) D:10
    Orc (0/2) D:9
  Swamp: Lair:3-6    Shoals: Lair:3-6     Snake: Lair:3-6    Spider: Lair:3-6

Altars:
Cheibriados
Dithmenos
Elyvilon
Fedhas
Kikubaaqudgha
Makhleb
Nemelex Xobeh
Pakellas
Qazlal
Sif Muna
Trog
Vehumet
Xom
Yredelemnul
Zin

Shops:
D:4 =   D:7 *   D:9 }

Annotations:
D:3 atgrul's ghost, amateur FoEE
Lair:2 Inkary's ghost, journeyman GrFi; Rupert


Message History

Rupert rages.
Rupert hits you with a battleaxe of chopping!
There is a stone staircase leading up, spattered with blood here.
Rupert hits you with a battleaxe of chopping.
You climb upwards.
Level annotation: Inkary's ghost, journeyman GrFi
There is a stone staircase leading down here.
Unknown command.
Rupert misses you. Rupert completely misses you.
Rupert hits you with a battleaxe of chopping!!
* * * LOW HITPOINT WARNING * * *
x2 Unknown command.
Read which item? (? for menu, Esc to quit)
As you read the scroll labeled BEME QISMUCVON, it crumbles to dust.
It is a scroll of enchant armour.
Enchant which item? (? for menu, Esc to quit)
Your +0 pair of gloves glows green for a moment.
Rupert hits you with a battleaxe of chopping!!
You die...

♣..............#....##
♣.........#....#.....#
♣♣.......###.#'##...##
♣♣♣......##.#..##...##
♣♣♣.................P#
P♣♣......!..........##
P♣♣.................#
P♣♣.................#
PP♣............@@...#
P♣♣......###'######.###
PP♣....>.##P..### #.#.#
PP♣.......#[.#..###..##
P♣♣......#.#.....#..##
PP♣......'......###.#
♣♣♣.......#.........#
♣♣.......#...#.P###.##
♣.........##.#..###..#


You could see Rupert (berserk).

Vanquished Creatures
  2 hydras
  Erolcha (D:10)
  Erica (Lair:2)
  Nergalle (Lair:2)
  A hill giant (D:10)
  2 black mambas
  21 elephants
  The ghost of Heedrag the Destroyer, a novice DECj (D:6)
  2 komodo dragons (Lair:1)
  4 spiny frogs
  A troll (D:9)
  3 blink frogs (Lair:2)
  2 basilisks
  2 wraiths (Ossuary)
  16 yaks
  A hippogriff (D:9)
  Menkaure (D:6)
  5 water moccasins
  4 porcupines
  2 hell hounds (D:10)
  3 black bears
  2 sky beasts
  4 ogres
  11 wolves (Lair:1)
  5 centaurs
  3 big kobolds
  7 crocodiles
  11 giant frogs
  A gnoll sergeant (D:8)
  2 scorpions (D:5)
  6 killer bees
  3 wights (Ossuary)
  6 howler monkeys
  2 crimson imps
  4 orc priests
  2 hounds
  6 jellies
  6 orc wizards
  Crazy Yiuf (D:2)
  Jessica (D:3)
  2 centaur skeletons
  2 giant frog skeletons
  10 iguanas
  11 worker ants
  2 killer bee zombies
  6 sheep (Lair:2)
  A hound skeleton (D:9)
  A mummy (D:7)
  A howler monkey zombie (D:8)
  A worker ant zombie (D:6)
  15 gnolls
  8 adders
  18 river rats
  A shadow imp (D:10)
  3 oozes
  2 adder skeletons
  2 adder zombies (Ossuary)
  6 worms
  3 dart slugs
  6 giant geckos
  38 orcs
  8 giant cockroaches
  10 hobgoblins
  14 jackals
  22 kobolds
  3 quokkas
  4 ball pythons
  7 bats
  3 giant newts
  7 goblins
  A hobgoblin skeleton (Ossuary)
  2 hobgoblin zombies (Ossuary)
  A jackal skeleton (D:4)
  2 orc skeletons (Ossuary)
  An orc zombie (Ossuary)
  A quokka skeleton (D:8)
  8 rats
392 creatures vanquished.

Vanquished Creatures (others)
  A mummy (D:7)
  A giant cockroach (D:7)
  A bat (D:2)
  7 fungi (Lair:2)
  A plant (Lair:2)
11 creatures vanquished.

Grand Total: 403 creatures vanquished

Notes
Turn   | Place    | Note
--------------------------------------------------------------
     0 | D:1      | theElss the High Elf Conjurer began the quest for the Orb.
     0 | D:1      | Reached XP level 1. HP: 11/11 MP: 4/4
   180 | D:1      | Reached XP level 2. HP: 17/17 MP: 3/6
   245 | D:1      | Learned a level 2 spell: Searing Ray
   396 | D:1      | Reached skill level 5 in Conjurations
   950 | D:2      | Reached XP level 3. HP: 21/21 MP: 4/7
   991 | D:2      | Found a stormy altar of Qazlal.
  1247 | D:2      | Noticed Crazy Yiuf
  1269 | D:2      | Killed Crazy Yiuf
  1495 | D:2      | Found a basalt altar of Yredelemnul.
  1543 | D:2      | Reached XP level 4. HP: 27/27 MP: 2/9
  1796 | D:2      | Found a white marble altar of Elyvilon.
  1877 | D:2      | Found a sparkling altar of Nemelex Xobeh.
  1877 | D:2      | Noticed Jessica
  2102 | D:3      | Learned a level 4 spell: Iskenderun's Mystic Blast
  2194 | D:3      | Killed Jessica
  2214 | D:3      | Reached XP level 5. HP: 17/31 MP: 2/11
  2972 | D:3      | Reached XP level 6. HP: 33/36 MP: 1/13
  3451 | D:3      | Noticed atgrul's ghost (amateur FoEE)
  3751 | D:4      | You fall through a shaft!
  3751 | D:5      | Entered Level 5 of the Dungeon
  4064 | D:4      | Found an oddly glowing altar of Pakellas.
  4073 | D:4      | Reached skill level 5 in Spellcasting
  4331 | D:4      | Found a deep blue altar of Sif Muna.
  4342 | D:4      | Reached XP level 7. HP: 41/41 MP: 10/15
  4422 | D:4      | Found a radiant altar of Vehumet.
  4426 | D:4      | Became a worshipper of Vehumet
  4432 | D:4      | Found a shadowy altar of Dithmenos.
  4535 | D:4      | Found a bloodstained altar of Trog.
  4672 | D:4      | Found Kauffiug's Jewellery Emporium.
  4717 | D:4      | Learned a level 5 spell: Iskenderun's Battlesphere
  5382 | D:5      | Reached * piety under Vehumet
  5382 | D:5      | Offered knowledge of Flame Tongue by Vehumet.
  5391 | D:5      | Learned a level 1 spell: Flame Tongue
  5715 | D:5      | Reached skill level 1 in Fire Magic
  5715 | D:5      | Reached XP level 8. HP: 18/46 MP: 9/19
  6122 | D:6      | Noticed Heedrag's ghost (novice DECj)
  6127 | D:6      | Killed Heedrag's ghost
  6127 | D:6      | Reached skill level 2 in Fire Magic
  6217 | D:6      | Got an iridescent flail
  6248 | D:6      | Found an ancient bone altar of Kikubaaqudgha.
  6250 | D:6      | Found a blossoming altar of Fedhas.
  6332 | D:6      | Found a staircase to the Ecumenical Temple.
  6564 | D:6      | Noticed Menkaure
  6572 | D:6      | Killed Menkaure
  6716 | D:6      | Found a bloodstained altar of Trog.
  6946 | D:7      | Reached skill level 3 in Fire Magic
  6983 | D:7      | Found Deisuv's General Store.
  6986 | D:7      | Bought a potion of flight for 42 gold pieces
  6986 | D:7      | Bought a scroll of identify for 28 gold pieces
  7039 | D:7      | Reached XP level 9. HP: 51/51 MP: 2/22
  7375 | D:7      | Found a sand-covered staircase.
  7382 | Ossuary  | Entered an ossuary
  7476 | Ossuary  | Reached ** piety under Vehumet
  7489 | Ossuary  | Offered knowledge of Freeze by Vehumet.
  7790 | Ossuary  | Reached skill level 10 in Conjurations
  7945 | D:7      | Found a snail-covered altar of Cheibriados.
  8101 | D:7      | Reached skill level 5 in Dodging
  8184 | D:7      | Identified the +2 flail of Eternal Harmony {venom, *Confuse rElec rPois Dex+6} (You found it on level 6 of the Dungeon)
  8253 | D:8      | Found a sparkling altar of Nemelex Xobeh.
  8263 | D:8      | Reached skill level 4 in Fire Magic
  8335 | D:8      | Found a shimmering altar of Xom.
  8375 | D:8      | Found a shimmering altar of Xom.
  8381 | D:8      | Found a shimmering altar of Xom.
  8384 | D:8      | Found a shimmering altar of Xom.
  8385 | D:8      | Found a shimmering altar of Xom.
  8385 | D:8      | Found a shimmering altar of Xom.
  8430 | D:8      | Noticed a komodo dragon
  8974 | D:8      | Noticed a death drake
  8974 | D:8      | Noticed a salamander
  8974 | D:8      | a death drake changed into a salamander
  8993 | D:8      | Noticed a jumping spider
  8993 | D:8      | a salamander changed into a jumping spider
  9099 | D:8      | Offered knowledge of Stone Arrow by Vehumet.
  9112 | D:8      | Learned a level 3 spell: Stone Arrow
  9295 | D:8      | Reached skill level 10 in Spellcasting
  9417 | D:9      | Found a staircase to the Orcish Mines.
  9430 | D:9      | Reached *** piety under Vehumet
  9595 | D:9      | Found a burning altar of Makhleb.
  9597 | D:9      | Found a glowing silver altar of Zin.
  9597 | D:9      | Noticed an angel
  9598 | D:9      | Noticed a blizzard demon
  9657 | D:9      | Offered knowledge of Ignite Poison by Vehumet.
  9680 | D:9      | Learned a level 3 spell: Ignite Poison
  9692 | D:9      | Reached XP level 10. HP: 56/56 MP: 18/25
  9809 | D:9      | Found Xutou's Gadget Shoppe.
  9831 | D:9      | Reached skill level 5 in Fire Magic
 10235 | D:9      | Reached **** piety under Vehumet
 10832 | D:9      | Reached skill level 1 in Evocations
 10936 | D:10     | Entered Level 10 of the Dungeon
 10936 | D:10     | Noticed a hill giant
 11165 | D:10     | Killed a hill giant
 11165 | D:10     | Reached skill level 6 in Fire Magic
 11511 | D:10     | Noticed Erolcha
 11522 | D:10     | Killed Erolcha
 11578 | D:10     | Reached skill level 7 in Fire Magic
 11654 | D:10     | Found a staircase to the Lair.
 11678 | D:10     | Offered knowledge of Lightning Bolt by Vehumet.
 11999 | Lair:1   | Entered Level 1 of the Lair of Beasts
 12179 | Lair:1   | Reached XP level 11. HP: 61/61 MP: 17/26
 12233 | Lair:1   | Reached skill level 5 in Evocations
 12858 | Lair:1   | Reached skill level 8 in Fire Magic
 12917 | Lair:1   | Noticed a six-headed hydra
 12922 | Lair:1   | Killed a six-headed hydra
 13166 | Lair:1   | Reached ***** piety under Vehumet
 13446 | Lair:1   | Offered knowledge of Venom Bolt by Vehumet.
 13446 | Lair:1   | Reached skill level 9 in Fire Magic
 13851 | Lair:2   | Noticed Erica
 13855 | Lair:2   | Killed Erica
 14491 | Lair:2   | Reached skill level 10 in Fire Magic
 14543 | Lair:2   | Noticed Inkary's ghost (journeyman GrFi)
 14771 | Lair:1   | Reached XP level 12. HP: 66/66 MP: 4/27
 15253 | Lair:1   | Reached skill level 11 in Fire Magic
 16097 | Lair:2   | Noticed a seven-headed hydra
 16358 | Lair:1   | Reached skill level 12 in Fire Magic
 16717 | Lair:2   | Killed a seven-headed hydra
 17163 | Lair:2   | Noticed Nergalle
 17171 | Lair:2   | Killed Nergalle
 17171 | Lair:2   | Reached skill level 13 in Fire Magic
 18093 | Lair:2   | Got a brightly glowing helmet
 18104 | Lair:2   | Identified the +2 helmet of Integrity {Str+3 Dex+2} (You found it on level 2 of the Lair of Beasts)
 18683 | Lair:3   | Noticed Rupert
 18689 | Lair:3   | Paralysed by Rupert for 5 turns
 18715 | Lair:2   | Demolished by Rupert

Skill      XL: |  1  2  3  4  5  6  7  8  9 10 11 12 |
---------------+-------------------------------------+-----
Conjurations   | 5 6 7 8 9 10 11 | 11.1
Spellcasting   | 3 4 5 6 8 10 | 10.7
Dodging        | 3 4 5 6 |  6.3
Fire Magic     | 1 3 4 7 10 13 | 13.8
Evocations     | 4 8 |  8.2
Maces & Flails | |  0.4
Staves         | |  0.4
Stealth        | |  2.1
Charms         | |  0.2

Action                   |  1- 3 |  4- 6 |  7- 9 | 10-12 || total
-------------------------+-------+-------+-------+-------++-------
Melee: Club              |       |    15 |     3 |    12 ||    30
       Staff             |       |       |       |    16 ||    16
 Cast: Magic Dart        |    51 |   118 |   187 |   257 ||   613
       Searing Ray       |     3 |    14 |    55 |    47 ||   119
       Iskenderun's Myst |       |     3 |    41 |   168 ||   212
       Iskenderun's Batt |       |       |     1 |    86 ||    87
       Ignite Poison     |       |       |       |     2 ||     2
       Flame Tongue      |       |       |       |     1 ||     1
  Use: Scroll            |       |       |     4 |     9 ||    13
  Eat: Chunk             |     2 |    10 |    19 |    39 ||    70
       Fruit             |       |       |     1 |     2 ||     3
       Beef jerky        |       |       |       |     2 ||     2
       Meat ration       |       |       |       |     1 ||     1
Armor: Robe              |       |    12 |    11 |    72 ||    95
Dodge: Dodged            |     3 |    18 |    70 |   247 ||   338
